 Dungeon Crawl Stone Soup version 0.27-a0-1324-ge0d8e047f6 (webtiles) character file.

Game seed: 14278281411858100663

121 Delamore the Skirmisher (level 5, -1/43 HPs)
             Began as a Formicid Fighter on June 23, 2021.
             Succumbed to a scorpion's poison
             ... on level 2 of the Dungeon.
             The game lasted 00:02:27 (3570 turns).

Delamore the Skirmisher (Formicid Fighter)          Turns: 3570, Time: 00:02:28

Health: -1/43      AC:  6    Str: 22    XL:     5   Next: 26%
Magic:  5/5        EV:  8    Int:  7    God:
Gold:   69         SH:  9    Dex: 10    Spells: 4/4 levels left

rFire    . . .     SeeInvis +   a - +0 trident
rCold    . . .     Faith    .   c - +0 kite shield
rNeg     . . .     Spirit   .   b - +0 scale mail
rPois    .         Reflect  .   (helmet unavailable)
rElec    .         Harm     .   (no cloak)
rCorr    .         Rampage  .   (no gloves)
Will     +....                  (no boots)
Stlth    ..........             (no amulet)
HPRegen  0.14/turn              h - ring of willpower
MPRegen  0.09/turn              (no ring)

@: lethally poisoned (-1 -> -9), attractive
A: permanent stasis, dig shafts and tunnels, antennae 3, four strong arms
a: Dig, Shaft Self


You were on level 2 of the Dungeon.
You visited 1 branch of the dungeon, and saw 4 of its levels.

You collected 69 gold pieces.

Inventory:

Hand Weapons
 a - a +0 trident (weapon)
Missiles
 i - a throwing net
Armour
 b - a +0 scale mail (worn)
 c - a +0 kite shield (worn)
Jewellery
 h - a ring of willpower (left hand)
Scrolls
 f - a scroll of teleportation
 j - a scroll of identify
Potions
 d - a potion of might
 e - 2 potions of haste
 g - a potion of degeneration


   Skills:
 + Level 4.3 Fighting
 * Level 4.3 Polearms
 - Level 3.2 Armour
 - Level 3.6 Shields


You had 4 spell levels left.
You didn't know any spells.
Your spell library was empty.

Dungeon Overview and Level Annotations

Branches:
Dungeon (4/15)
 Temple: D:4-7

Altars:

Shops:
D:2 [


Innate Abilities, Weirdness & Mutations

You cannot be hasted, slowed, berserked, paralysed or teleported.
You can dig through walls and to a lower floor.
You have a pair of large antennae on your head. (SInv)
Your four strong arms can wield two-handed weapons with a shield.


Message History

The scorpion stings you but does no damage.
You climb upwards.
There is a stone staircase leading down here.
The scorpion stings you!
You are poisoned.
The scorpion poisons you!
You feel very sick.
You feel sick. You block the kobold's attack.
You feel sick.
You feel sick.
You feel sick.
It was a potion of attraction.
You feel attractive to monsters.
You feel sick. You block the kobold's attack.
You extend your mandibles.
You dig through the rock wall.
You feel sick.
You dig through the rock wall.
You feel sick.
You dig through the rock wall.
You feel sick.
You are no longer poisoned.
You dig through the rock wall.
You dig through the rock wall.
You block the kobold's attack.
You dig through the rock wall.
The scorpion is pulled toward you!
You dig through the rock wall.
You retract your mandibles.
The scorpion is pulled toward you! The scorpion is pulled toward you!
You extend your mandibles.
You dig through the rock wall.
You retract your mandibles.
There is a stone staircase leading up here.
The scorpion stings you.
* * * LOW HITPOINT WARNING * * *
You are lethally poisoned!
The scorpion poisons you! The scorpion barely misses you.
You block the kobold's attack.
You climb upwards.
* * * LOW HITPOINT WARNING * * *
You feel very sick.
There is a stone staircase leading down here.
You die...

#........##.#...#.# #.######..
##..####.##.##.##.# #########.
#..# #.##.......# ##...†.#.
#..####.#####.#### #..≈≈≈...
#....##.# ##'## #.≈≈≈≈≈..
##......# ##...## #∩≈≈≈≈≈..
###.######.....## #.≈≈≈≈≈.# ##..#
##.......## #..≈≈≈..#
####...####....>@...######.....##
..........'...s.....'...########
####...####.......[.####....#
##..# ##.......## ##.#.# ##.#
##.....## ###.# ####.# ##...##
#.# #....# ##+## #.# #.#### #.#
#.# #.# #.# ########.#


You could see a scorpion.

Vanquished Creatures
  4 adders
  2 dart slugs
  A worm (D:3)
  3 orcs (D:3)
  2 endoplasms
  2 giant cockroaches
  7 goblins
  6 hobgoblins
  12 jackals
  6 kobolds
  3 quokkas
  3 ball pythons
  7 bats
  5 frilled lizards
  5 rats
68 creatures vanquished.

Notes
Turn   | Place    | Note
-------+----------+-------------------------------------------
     0 | D:1      | Delamore the Formicid Fighter began the quest for the Orb.
     0 | D:1      | Reached XP level 1. HP: 18/18 MP: 1/1
   141 | D:1      | Reached XP level 2. HP: 13/24 MP: 2/2
   694 | D:1      | Reached XP level 3. HP: 21/30 MP: 3/3
  1209 | D:1      | Found a faded altar of an unknown god.
  1542 | D:2      | Reached XP level 4. HP: 35/37 MP: 4/4
  1914 | D:2      | Found Ciuplusa's Antique Armour Shop.
  2704 | D:3      | Reached XP level 5. HP: 37/42 MP: 5/5
  3569 | D:2      | HP: 1/43 [poisoned by a scorpion]
  3570 | D:2      | Succumbed to a scorpion's poison

Illustrated notes

Levels and vault maps discovered:
D:1:      co_arrival_square_in_a_square_in_a_square, layout_basic,
          basic_ecumenical_altar
D:2:      layout_loops_corners, serial_shops, nicolae_lakefront_shop
D:3:      layout_basic, minmay_stone_trees_small
D:4:      layout_loops_cross, enter_ossuary_4, cheibrodos_sewer_entry_bend,
          uniq_eustachio, uniq_ijyb

Skill      XL: |  1  2  3  4 |
---------------+-------------+-----
Polearms       | 3 4 |  4.3
Fighting       | 4 |  4.3
Armour         | |  3.2
Shields        | |  3.6

Action                   |  1- 3 |  4- 6 || total
-------------------------+-------+-------++-------
Melee: Trident           |   115 |   121 ||   236
 Abil: Dig               |     3 |     2 ||     5
  Use: Scroll            |     1 |     3 ||     4
       Potion            |       |     1 ||     1
Armor: Scale mail        |    42 |    50 ||    92
Dodge: Dodged            |    37 |    37 ||    74
Block: Kite shield       |    58 |    52 ||   110

Table legend: (Time is in decaauts)
 A = Elapsed time spent in this place.
 B = Non-inter-level travel time spent in this place.
 C = Inter-level travel time spent in this place.
 D = Time resting spent in this place.
 E = Time spent auto-exploring this place.
 F = Levels seen in this place.
 G = Mean time per level.
                   A        B        C        D        E       F      G
               +--------+--------+--------+--------+--------+-----+--------+
         Total |   3644 |   3578 |     66 |    459 |   2582 |   4 |  911.0 |
       Dungeon |   3644 |   3578 |     66 |    459 |   2582 |   4 |  911.0 |
               +--------+--------+--------+--------+--------+-----+--------+

Top non-repeatable levels by time:
     D:1: 1530 daAuts
     D:2: 1064 daAuts
     D:3: 1043 daAuts
     D:4: 6 daAuts
